 Seeded DCSS version 0.30-a0-250-g41c1d76940 (webtiles) character file.

Game seed: 11836800648259413034 (custom seed)

32 hikkokomori the Gusty (level 3, 0/25 HPs)
             Began as a Barachi Air Elementalist on Oct 13, 2022.
             Slain by a hobgoblin (1 damage)
             ... led by Robin
             ... on level 1 of the Dungeon.
             The game lasted 00:05:33 (1061 turns).

hikkokomori the Gusty (Barachi Air Elementalist)    Turns: 1061, Time: 00:05:33

Health: 0/25       AC:  3    Str: 10    XL:     3   Next: 27%
Magic:  6/6        EV: 12    Int: 19    God:
Gold:   895        SH:  0    Dex: 12    Spells: 5/6 levels left

rFire   . . .      SeeInvis .    i - +1 lajatang of Pandemonium {flame, rPois rC+ Str-3 Int+4}
rCold   + . .      Faith    .    (shield currently unavailable)
rNeg    + . .      Spirit   .    a - +0 robe
rPois   +          Reflect  .    (no helmet)
rElec   .          Harm     .    g - +0 cloak
rCorr   .          Rampage  .    (no gloves)
Will    +....                    (no boots)
Stlth   ++........               (no amulet)
HPRegen 0.24/turn                j - ring of the Yeti {rPois rN+ Will+ Str+2}
MPRegen 0.10/turn                (no ring)

@: slow
A: amphibious, slowness 1, strong legs 1, +LOS
a: Hop


You were on level 1 of the Dungeon.
You visited 1 branch of the dungeon, and saw 2 of its levels.

You collected 895 gold pieces.

Inventory:

Hand Weapons
 h - a +0 whip
 i - the +1 lajatang of Pandemonium (weapon) {flame, rPois rC+ Str-3 Int+4}
   (You acquired it on level 1 of the Dungeon)

   It burns those it strikes, dealing additional fire damage.
   Big, fiery blades are also staple armaments of hydra-hunters.
   Str:       It affects your strength (-3).
   Int:       It affects your intelligence (+4).
   rC:        It protects you from cold.
   rPois:     It protects you from poison.
Armour
 a - a +0 robe (worn)
 d - a +0 buckler
 g - a +0 cloak (worn)
Jewellery
 j - the ring of the Yeti (left hand) {rPois rN+ Will+ Str+2}
   (You acquired it on level 1 of the Dungeon)

   [ring of poison resistance]

   Str:       It affects your strength (+2).
   rPois:     It protects you from poison.
   rN:        It protects you from negative energy.
   Will:      It increases your willpower.
Potions
 b - a potion of magic
 c - a potion of flight {unknown}
 e - 2 potions of brilliance {unknown}
 f - 3 potions of heal wounds {unknown}


   Skills:
 + Level 0.8 Fighting
 + Level 0.6 Staves
 - Level 2.5 Dodging
 - Level 2.1 Stealth
 - Level 2.4 Spellcasting
 - Level 1.5 Conjurations
 + Level 3.6 Air Magic


You had 5 spell levels left.
You knew the following spells:

 Your Spells              Type           Power      Damage    Failure   Level
a - Shock                 Conj/Air       48%        1d6       5%          1

Your spell library contained the following spells:

 Spells                   Type           Power      Damage    Failure   Level
 Static Discharge         Conj/Air       24%        2-3/arc   9%          2
 Swiftness                Air            16%        N/A       11%         3
 Vhi's Electric Charge    Tloc/Air       18%        N/A       22%         3
 Sublimation of Blood     Necr           2%         N/A       24%         2
 Airstrike                Air            8%         2d(2-18)  34%         4
 Arcjolt                  Conj/Air       6%         1d16      83%         5
 Lightning Bolt           Conj/Air       6%         1d18      83%         5
 Petrify                  Tmut/Erth      2%         N/A       85%         4
 Irradiate                Conj/Tmut      2%         3d12      97%         5


Dungeon Overview and Level Annotations

Branches:
Dungeon (2/15)

Altars:

Annotations:
D:2 Robin


Innate Abilities, Weirdness & Mutations

You are amphibious.
You cover ground slowly.
You can hop short distances.
You have an extended range of vision and can be seen from far away.


Message History

You see here a bat corpse.
You start resting.
HP restored.
There is a stone staircase leading down, spattered with blood here.
You climb downwards.
Level annotation: Robin The bat hits you but does no damage.
The bat barely misses you.
The goblin hits you with a +1 dagger of speed.
Robin throws the goblin at you! The goblin hits you with a +0 dagger.
The hobgoblin closely misses you. The bat closely misses you.
The goblin hits you but does no damage.
There is a stone staircase leading up here.
The bat hits you.
Robin roars a battlecry!
The goblins go into a battle-frenzy!
The goblin hits you but does no damage. The hobgoblin misses you.
The bat barely misses you.
The goblin hits you with a +1 dagger of speed.
You climb upwards.
There is a stone staircase leading down, spattered with blood here.
You barely miss the goblin. The hobgoblin closely misses you.
The goblin barely misses you.
The goblin hits you with a +1 dagger of speed. x2
The goblin hits you but does no damage. The hobgoblin barely misses you.
Unknown command.
You closely miss the goblin.
The goblin hits you with a +1 dagger of speed.
The goblin hits you with a +0 dagger. The hobgoblin hits you.
* * * LOW HITPOINT WARNING * * *
The goblin hits you but does no damage.
Unknown command.
You hit the goblin. You burn the goblin.
The goblin is severely wounded.
The goblin hits you with a +1 dagger of speed.
* * * LOW HITPOINT WARNING * * *
The goblin hits you with a +0 dagger.
* * * LOW HITPOINT WARNING * * *
The hobgoblin completely misses you. The goblin closely misses you. x2
The hobgoblin hits you.
You die...

##....[..........## #######
................##
........###.....# .......##
#.....# ........# ###.###
........#####...##########
)............#.....#.....##
........####...†÷g.....÷..##
........# #...)@g.........#
### ........#
#...)g..........###P##
........#
#..............###..P#
........#
#............##P#P†..#
........#
#............#P.#.P~[♣
........#
##...........#.#..~~._
)......##
##.....#....#.##.PP.♣
#.....##
##########.P.P#P...# #######
#..####..P#


You could see a hobgoblin (strong) and 2 goblins.

Vanquished Creatures
  A dart slug (D:1)
  4 ball pythons
  An endoplasm (D:1)
  A giant cockroach (D:1)
  5 goblins
  5 hobgoblins (D:1)
  A quokka (D:1)
  3 bats (D:1)
  2 frilled lizards (D:1)
  A kobold (D:1)
  5 rats (D:1)
29 creatures vanquished.

Notes
Turn   | Place    | Note
-------+----------+-------------------------------------------
     0 | D:1      | hikkokomori the Barachi Air Elementalist began the quest
                  | for the Orb.
     0 | D:1      | Reached XP level 1. HP: 13/13 MP: 3/3
   167 | D:1      | Reached XP level 2. HP: 19/19 MP: 3/5
   675 | D:1      | Identified 3 scrolls of acquirement
   675 | D:1      | Acquired the ring of the Yeti {rPois rN+ Will+ Str+2}
   677 | D:1      | Acquired 818 gold pieces
   679 | D:1      | Acquired the +1 lajatang of Pandemonium {flame, rPois rC+
                  | Str-3 Int+4}
   839 | D:1      | Reached XP level 3. HP: 24/24 MP: 6/6
   852 | D:1      | Found a faded altar of an unknown god.
   882 | D:2      | Noticed Robin
  1061 | D:1      | HP: 1/25 [goblin/+0 dagger[Robin] (3)]
  1061 | D:1      | Slain by a hobgoblin

Illustrated notes

Levels and vault maps discovered:
D:1:      minmay_arrival_nine_rooms, layout_rooms,
          dreamdust_ecumenical_altar_hidden_monk_grotto
D:2:      layout_loops_ring, minmay_strange_pillars, uniq_robin

Skill      XL: |  1  2 |
---------------+-------+-----
Stealth        | 2 |  2.1
Fighting       | |  0.8
Staves         | |  0.6
Dodging        | |  2.5
Spellcasting   | |  2.4
Conjurations   | |  1.5
Air Magic      | |  3.6

Action                   || total
-------------------------++-------
Melee: Unarmed           ||    36
       Lajatang          ||    44
       Punch             ||     2
 Cast: Shock             ||    32
 Abil: Hop               ||     2
  Use: Scroll            ||     3
 Stab: Sleeping          ||     1
Armor: Robe              ||    43
Dodge: Dodged            ||   119

Table legend: (Time is in decaauts)
 A = Elapsed time spent in this place.
 B = Non-inter-level travel time spent in this place.
 C = Inter-level travel time spent in this place.
 D = Time resting spent in this place.
 E = Time spent auto-exploring this place.
 F = Levels seen in this place.
 G = Mean time per level.
                   A        B        C        D        E       F      G
               +--------+--------+--------+--------+--------+-----+--------+
         Total |   1171 |   1151 |     20 |    195 |    596 |   2 |  585.5 |
       Dungeon |   1171 |   1151 |     20 |    195 |    596 |   2 |  585.5 |
               +--------+--------+--------+--------+--------+-----+--------+

Top non-repeatable levels by time:
     D:1: 1132 daAuts
     D:2: 38 daAuts
